 Dungeon Crawl Stone Soup version 0.26-a0-362-g1d9a9cd4fa (webtiles) character file.

Game seed: 15153898611135222812

121 Gargoyl the Skirmisher (level 5, -8/46 HPs)
             Began as a Ghoul Abyssal Knight on July 18, 2020.
             Was a Believer of Lugonu.
             Mangled by an ogre
             ... wielding a +0 giant spiked club
              (19 damage)
             ... on level 4 of the Dungeon.
             The game lasted 00:03:31 (2049 turns).

Gargoyl the Skirmisher (Ghoul Abyssal Knight)       Turns: 2049, Time: 00:03:31

Health: -8/46      AC: 10    Str: 16    XL:     5   Next: 5%
Magic:  6/6        EV:  7    Int:  7    God:    Lugonu [**....]
Gold:   65         SH:  0    Dex:  9    Spells: 4/4 levels left

rFire    . . .     SeeInvis .   e - +1 hand axe (elec)
rCold    + . .     Faith    .   (no shield)
rNeg     + + +     Spirit   .   d - +0 chain mail
rPois    ∞         Reflect  .   j - +0 helmet
rElec    .         Harm     .   (no cloak)
rCorr    .                      (no gloves)
MR       .....                  (no boots)
Stlth    ..........             (no amulet)
HPRegen  0.00/turn              (no ring)
MPRegen  0.10/turn              (no ring)

@: brilliant
A: rotting body, claws 1, cold resistance 1, negative energy resistance 3,
inhibited regeneration, torment resistance, unbreathing
a: Depart the Abyss, Bend Space, Renounce Religion


You were on level 4 of the Dungeon.
You worshipped Lugonu.
Lugonu was pleased with you.
You visited 1 branch of the dungeon, and saw 3 of its levels.
You visited the Abyss 1 time.

You collected 65 gold pieces.

Inventory:

Hand Weapons
 a - a +1 hand axe
 e - a +1 hand axe of electrocution (weapon)
Armour
 d - a +0 chain mail (worn)
 j - a +0 helmet (worn)
Scrolls
 b - a scroll of teleportation
 g - a scroll of immolation {unknown}
 k - a scroll of identify


   Skills:
 + Level 3.8 Fighting
 + Level 2.7 Axes
 * Level 2.7 Armour
 * Level 1.8 Dodging
 * Level 2.7 Invocations


You had 4 spell levels left.
You didn't know any spells.
Your spell library was empty.

Dungeon Overview and Level Annotations

Branches:
Dungeon (2/15)

Altars:


Innate Abilities, Weirdness & Mutations

Your body is rotting away.
You thrive by killing the living.
You are immune to poison.
You have sharp fingernails.
Your flesh is cold resistant. (rC+)
You are immune to negative energy. (rN+++)
You do not regenerate when monsters are visible.
You are immune to unholy pain and torment.
You can survive without breathing.


Message History

The ogre is severely wounded.
The ogre hits you with a +0 giant spiked club!!
Ouch! That really hurt!
* * * LOW HITPOINT WARNING * * *
You hit the ogre.
The ogre is severely wounded.
The ogre barely misses you.
Unknown command.
A hound comes into view.
The hound barks!
It was a potion of curing.
You feel better.
The ogre hits you with a +0 giant spiked club.
* * * LOW HITPOINT WARNING * * *
It was a potion of brilliance.
You feel clever all of a sudden.
You hit the ogre.
The ogre is almost dead.
You hit the hound. The hound bites you but does no damage.
The ogre hits you with a +0 giant spiked club!!
You die...

#...........#
+.........+
#.........#
#.......#
##.$...##
##...## ##†##
#O# #@# #h#
... ....#
.#..## #.#.##
. .. . ##


You could see an ogre and a hound.

Vanquished Creatures
  A hound zombie (D:2)
  Robin (D:2)
  An adder (D:2)
  A worm (D:2)
  3 dart slugs (D:2)
  2 leopard geckos
  4 giant cockroaches
  6 hobgoblins
  2 jackals (D:1)
  2 quokkas
  A ball python (D:4)
  6 bats
  3 frilled lizards (D:1)
  16 goblins
  6 kobolds
  24 rats
79 creatures vanquished.

Notes
Turn   | Place    | Note
-------+----------+-------------------------------------------
     0 | Abyss:1  | Gargoyl the Ghoul Abyssal Knight began the quest for the
                  | Orb.
     0 | Abyss:1  | Reached XP level 1. HP: 19/19 MP: 1/1
    57 | Abyss:1  | Found a corrupted altar of Lugonu.
   158 | Abyss:2  | Found a corrupted altar of Lugonu.
   171 | Abyss:2  | Noticed an iron imp
   182 | D:1      | Escaped the Abyss
   464 | D:1      | Reached skill level 1 in Dodging
   471 | D:1      | Reached * piety under Lugonu
   473 | D:1      | Reached XP level 2. HP: 26/26 MP: 2/2
   798 | D:1      | Reached XP level 3. HP: 31/31 MP: 3/3
   947 | D:2      | Noticed Robin
   961 | D:2      | Killed Robin
  1138 | D:2      | Reached XP level 4. HP: 39/40 MP: 4/4
  1396 | D:2      | Reached ** piety under Lugonu
  1758 | D:2      | Reached XP level 5. HP: 39/46 MP: 6/6
  2028 | D:2      | You fall into a shaft and drop 2 floors!
  2028 | D:4      | Noticed an ogre
  2049 | D:4      | Mangled by an ogre

Illustrated notes

Levels and vault maps discovered:
D:1:      psy_arrival_dodecagon, layout_rooms
D:2:      layout_basic, minmay_rat_hole, uniq_robin
D:4:      layout_loops_corners, serial_shops, kennysheep_mini_moat,
          portal_sewer_entry_b, minmay_misc_feat_encased

Skill      XL: |  1  2 |
---------------+-------+-----
Dodging        | 1 |  1.8
Armour         | 2 |  2.7
Axes           | 2 |  2.7
Fighting       | |  3.8
Invocations    | |  2.7

Action                   |  1- 3 |  4- 6 || total
-------------------------+-------+-------++-------
Melee: Hand axe          |    95 |    83 ||   178
Invok: Depart the Abyss  |     1 |       ||     1
  Use: Scroll            |       |     5 ||     5
       Potion            |       |     2 ||     2
Armor: Chain mail        |   112 |    82 ||   194
Dodge: Dodged            |    51 |    47 ||    98

Table legend:
 A = Non-vault XP
 B = Vault XP
 C = Vault XP percentage of total XP
 D = Non-vault monster count
 E = Vault monster count
 F = Vault count percentage of total count
                 A         B        C        D         E       F
            +---------+---------+-------+---------+---------+-------
      Total |     117 |      56 |  32.4 |      48 |      31 |  39.2
            +---------+---------+-------+---------+---------+-------
        D:1 |      43 |       0 |   0.0 |      28 |       0 |   0.0
        D:2 |      71 |      56 |  44.1 |      18 |      31 |  63.3
        D:4 |       3 |       0 |   0.0 |       2 |       0 |   0.0
            +---------+---------+-------+---------+---------+-------
